 Dungeon Crawl Stone Soup version 0.27-a0-906-g0a00ce863d (webtiles) character file.

Game seed: 14269975655374869753

2848385 agentchuck the Conqueror (level 27, 323/323 HPs)
             Began as a Demonspawn Gladiator on Mar 27, 2021.
             Was the Champion of Makhleb.
             Escaped with the Orb
             ... and 5 runes on Apr 7, 2021!
             The game lasted 05:03:06 (85912 turns).

agentchuck the Conqueror (Demonspawn Gladiator)    Turns: 85912, Time: 05:03:07

Health: 323/323    AC: 31    Str: 30    XL:     27
Magic:  47/47      EV: 22    Int: 13    God:    Makhleb [******]
Gold:   860        SH: 22    Dex: 21    Spells: 41/49 levels left

rFire    + + .     SeeInvis +   w - +9 eveningstar (vorpal)
rCold    + . .     Faith    .   x - +1 kite shield {AC+3}
rNeg     + + +     Spirit   .   G - +2 ring mail "Rolian" {rN+ rCorr Dex-5 SInv}
rPois    +         Reflect  .   c - +3 helmet of Xom's Indignation {Dex+4}
rElec    +         Harm     .   Y - +1 cloak of Piqiul Ythri {Dex+3}
rCorr    +         Rampage  .   X - +3 pair of gloves "Qiecvoychu" {rElec Int+5 Dex+3 Stlth-}
Will     +++..                  (boots unavailable)
Stlth    ..........             J - amulet of Yendor {Acrobat rN++}
HPRegen  0.63/turn              f - ring of Fellento {rPois rF++ Str+6}
MPRegen  0.30/turn              M - ring of Hucanoux {rElec rC+ Will+ MP+9}

@: studying 3 skills
A: hooves 3, icemail 2, robust 3, spiny 3, sanguine armour 3, condensation
shield, claws 1, clumsy 1, deformed body, dopey 1, mutation resistance 1
0: Orb of Zot
}: 5/15 runes: serpentine, barnacled, silver, abyssal, demonic
a: Renounce Religion, Minor Destruction, Lesser Servant of Makhleb, Major
Destruction, Greater Servant of Makhleb


You escaped.
You worshipped Makhleb.
Makhleb was exalted by your worship.
You visited 12 branches of the dungeon, and saw 54 of its levels.
You visited Pandemonium 1 time, and saw 2 of its levels.
You visited the Abyss 2 times.
You also visited: Trove, Sewer, Ossuary and Wizlab.

You collected 9592 gold pieces.
You spent 8732 gold pieces at shops.


Innate Abilities, Weirdness & Mutations

You have hooves in place of feet.
A meltable icy envelope protects you from harm. (AC +8)
You are extremely robust. (+30% HP)
You are completely covered in sharp spines.
When seriously injured, your bleeding wounds create very thick armour. (AC +0)
A meltable shield of frost defends you. (SH +4)
You have sharp fingernails.
You are clumsy. (Dex -2)
Armour fits poorly on your strangely shaped body.
You are dopey. (Int -2)
You are somewhat resistant to further mutation.


   Skills:
 O Level 27 Fighting
 - Level 6.7 Long Blades
 - Level 3.6(12.5) Axes
 + Level 17.8(17.9) Maces & Flails
 + Level 13.8 Throwing
 - Level 15.4 Armour
 - Level 14.3 Dodging
 - Level 18.5 Shields
 + Level 11.6 Spellcasting
 + Level 11.6 Conjurations
 - Level 6.2 Translocations
 + Level 9.9 Transmutations
 - Level 21.0 Invocations
 - Level 12.0 Evocations


You had 41 spell levels left.
You knew the following spells:

 Your Spells              Type           Power      Damage    Failure   Level
a - Apportation           Tloc           46%        N/A       1%          1
r - Irradiate             Conj/Tmut      17%        3d19      4%          5
I - Blink                 Tloc           N/A        N/A       1%          2

Your spell library contained the following spells:

 Spells                   Type           Power      Damage    Failure   Level
 Foxfire                  Conj/Fire      88%        2x1d8     1%          1
 Magic Dart               Conj           100%       1d8       1%          1
 Shock                    Conj/Air       88%        1d8       1%          1
 Sting                    Tmut/Pois      80%        1d7       1%          1
 Searing Ray              Conj           74%        3d6       1%          2
 Passwall                 Tmut/Erth      16%        N/A       2%          2
 Gell's Gravitas          Tloc           11%        N/A       2%          3
 Lesser Beckoning         Tloc           11%        N/A       2%          3
 Iskenderun's Battlesphe  Conj           37%        2d9       2%          5
 Conjure Flame            Conj/Fire      22%        6-21      3%          3
 Dazzling Flash           Conj/Hex       44%        N/A       3%          3
 Static Discharge         Conj/Air       22%        N/A       3%          3
 Stone Arrow              Conj/Erth      44%        3d9       3%          3
 Iskenderun's Mystic Bla  Conj/Tloc      30%        2d8       3%          4
 Spider Form              Tmut/Pois      10%        N/A       4%          3
 Hydra Form               Tmut           16%        N/A       6%          5
 Mephitic Cloud           Conj/Pois/Air  17%        N/A       8%          3
 Ignite Poison            Fire/Tmut/Pois 16%        N/A       10%         3
 Fulminant Prism          Conj/Hex       11%        3d9       11%         4
 Hailstorm                Conj/Ice       22%        3d7       11%         4
 Sticky Flame             Conj/Fire      22%        2d4       11%         4
 Animate Skeleton         Necr           14%        N/A       12%         1
 Corona                   Hex            7%         N/A       12%         1
 Pain                     Necr           28%        1d5       12%         1
 Sandblast                Erth           14%        2d6       12%         1
 Summon Small Mammal      Summ           28%        N/A       12%         1
 Ice Form                 Ice/Tmut       20%        N/A       16%         4
 Petrify                  Tmut/Erth      20%        N/A       16%         4
 Call Imp                 Summ           7%         N/A       19%         2
 Corpse Rot               Necr/Air       N/A        N/A       19%         2
 Ensorcelled Hibernation  Hex/Ice        14%        N/A       19%         2
 Poisonous Vapours        Pois/Air       14%        N/A       19%         2
 Slow                     Hex            7%         N/A       19%         2
 Sublimation of Blood     Necr           3%         N/A       19%         2
 Swiftness                Air            7%         N/A       19%         2
 Fireball                 Conj/Fire      11%        3d7       30%         5
 Blade Hands              Tmut           16%        N/A       32%         6
 Call Canine Familiar     Summ           7%         N/A       36%         3
 Confusing Touch          Hex            7%         N/A       36%         3
 Frozen Ramparts          Ice            14%        1d3       36%         3
 Inner Flame              Hex/Fire       7%         N/A       36%         3
 Summon Guardian Golem    Hex/Summ       7%         N/A       36%         3
 Tukima's Dance           Hex            7%         N/A       36%         3
 Vampiric Draining        Necr           3%         2d6       36%         3
 Alistair's Intoxication  Tmut/Pois      13%        N/A       41%         5
 Yara's Violent Unravell  Hex/Tmut       10%        3d6       41%         5
 Bolt of Magma            Conj/Fire/Erth 8%         4d6       56%         5
 Orb of Destruction       Conj           18%        9d8       65%         7
 Summon Forest            Summ/Tloc      7%         N/A       67%         5
 Animate Dead             Necr           3%         N/A       77%         4
 Cause Fear               Hex            3%         N/A       77%         4
 Dispel Undead            Necr           7%         3d8       77%         4
 Leda's Liquefaction      Hex/Erth       3%         N/A       77%         4
 Summon Ice Beast         Ice/Summ       7%         N/A       77%         4
 Summon Lightning Spire   Summ/Air       7%         N/A       77%         4
 Conjure Ball Lightning   Conj/Air       11%        3x3d6     86%         6
 Iron Shot                Conj/Erth      11%        9d3       86%         6
 Starburst                Conj/Fire      11%        8x6d5     86%         6
 Dragon Form              Tmut           16%        N/A       87%         7
 Eringya's Noxious Bog    Tmut/Pois      10%        N/A       94%         6
 Statue Form              Tmut/Erth      13%        N/A       94%         6
 Agony                    Necr           7%         N/A       98%         5
 Excruciating Wounds      Necr           3%         N/A       98%         5
 Lee's Rapid Deconstruct  Erth           3%         3d6*      98%         5
 Metabolic Englaciation   Hex/Ice        3%         N/A       98%         5
 Silence                  Hex/Air        3%         N/A       98%         5
 Summon Mana Viper        Hex/Summ       7%         N/A       98%         5
 Freezing Cloud           Conj/Ice/Air   8%         6-21      98%         6
 Invisibility             Hex            7%         N/A       100%        6
 Shadow Creatures         Summ           N/A        N/A       100%        6
 Simulacrum               Ice/Necr       3%         N/A       100%        6
 Haunt                    Necr/Summ      3%         N/A       100%        7
 Malign Gateway           Summ/Tloc      7%         N/A       100%        7
 Monstrous Menagerie      Summ           3%         N/A       100%        7
 Ozocubu's Refrigeration  Ice            3%         4d5       100%        7
 Spellforged Servitor     Conj/Summ      11%        N/A       100%        7
 Summon Hydra             Summ           3%         N/A       100%        7
 Discord                  Hex            3%         N/A       100%        8
 Ignition                 Fire           3%         3d4       100%        8
 Summon Horrible Things   Summ           3%         N/A       100%        8
 Tornado                  Air            3%         N/A       100%        9

Inventory:

Hand Weapons
 w - a +9 vorpal eveningstar (weapon)
Missiles
 d - 22 curare-tipped darts {=f}
 n - 55 silver javelins
 s - 83 boomerangs (quivered)
 B - 12 throwing nets {=f}
Armour
 c - the +3 helmet of Xom's Indignation (worn) {Dex+4}
   (You found it on level 3 of the Snake Pit)

   It affects your dexterity (+4).
 x - a +1 kite shield of protection (worn)
 G - the +2 ring mail "Rolian" (worn) {rN+ rCorr Dex-5 SInv}
   (You found it on level 4 of the Dungeon)

   It affects your dexterity (-5).
   It protects you from negative energy.
   It lets you see invisible.
   It protects you from acid and corrosion.
 L - a scarf of resistance
 T - the +18 shield of the Gong {rElec rN+ Will+ EV-5}
   (You acquired it on level 6 of the Dungeon)

   It affects your evasion (-5).
   It insulates you from electricity.
   It protects you from negative energy.
   It increases your willpower.
 X - the +3 pair of gloves "Qiecvoychu" (worn) {rElec Int+5 Dex+3 Stlth-}
   (You acquired it on level 14 of the Dungeon)

   It affects your intelligence (+5).
   It affects your dexterity (+3).
   It insulates you from electricity.
   It makes you less stealthy.
 Y - the +1 cloak of Piqiul Ythri (worn) {Dex+3}
   (You found it in a treasure trove)

   It affects your dexterity (+3).
Jewellery
 f - the ring of Fellento (left hand) {rPois rF++ Str+6}
   (You found it on level 15 of the Dungeon)

   [ring of strength]

   It affects your strength (+6).
   It greatly protects you from fire.
   It protects you from poison.
 m - the amulet of Arrival {Acrobat rF+ Dex+4}
   (You found it on level 4 of the Shoals)

   [amulet of the acrobat]

   It increases your evasion while moving and waiting.
   It affects your dexterity (+4).
   It protects you from fire.
 v - the ring "Kaul" {Fly rElec rPois rC- Will+}
   (You found it on level 3 of the Abyss)

   [ring of willpower]

   It makes you vulnerable to cold.
   It insulates you from electricity.
   It protects you from poison.
   It grants you flight.
   It increases your willpower.
 J - the amulet of Yendor (around neck) {Acrobat rN++}
   (You found it in a treasure trove)

   [amulet of the acrobat]

   It increases your evasion while moving and waiting.
   It greatly protects you from negative energy.
 M - the ring of Hucanoux (right hand) {rElec rC+ Will+ MP+9}
   (You bought it in a shop on level 1 of the Snake Pit)

   [ring of magical power]

   It protects you from cold.
   It insulates you from electricity.
   It affects your magic capacity (+9).
   It increases your willpower.
Wands
 o - a wand of iceblast (58)
 P - a wand of digging (16)
 R - a wand of mindburst (49)
 S - a wand of acid (9)
Scrolls
 b - 4 scrolls of summoning
 g - 3 scrolls of enchant armour
 h - 3 scrolls of silence {!r}
 j - 7 scrolls of fog
 t - 31 scrolls of teleportation {@r4}
 u - 11 scrolls of immolation {!r}
 y - 5 scrolls of magic mapping
 H - 12 scrolls of fear
 Q - 5 scrolls of blinking
Potions
 a - a potion of ambrosia
 e - 5 potions of cancellation
 i - 13 potions of lignification {!q}
 k - 30 potions of curing {@q1}
 l - 8 potions of invisibility
 z - 4 potions of berserk rage {!q}
 A - 12 potions of heal wounds {@q2}
 D - 6 potions of might
 E - 3 potions of resistance
 I - 5 potions of mutation {!q}
 K - 11 potions of attraction {!q}
 N - 9 potions of haste {@q3}
 U - 9 potions of flight
Miscellaneous
 p - a lightning rod (4/4)
 q - a box of beasts
 r - a phial of floods
 C - a phantom mirror
 F - a condenser vane
 V - a tin of tremorstones (2/2)
 W - the horn of Geryon

Dungeon Overview and Level Annotations

Branches:
Dungeon (15/15)            Temple (1/1) D:6            Lair (6/6) D:10
 Shoals (4/4) Lair:4        Snake (4/4) Lair:4        Slime (0/5) Lair:5
    Orc (2/2) D:11            Elf (3/3) Orc:2        Vaults (5/5) D:13
  Crypt (3/3) Vaults:2       Tomb (0/3) Crypt:3      Depths (5/5) D:15
   Hell (visited)             Dis (0/7) Hell            Geh (0/7) Hell
    Coc (0/7) Hell            Tar (0/7) Hell            Zot (5/5) Depths:5
  Sewer (visited)         Ossuary (visited)          WizLab (visited)

Altars:
Ashenzari
Cheibriados
Dithmenos
Elyvilon
Fedhas
Gozag
Hepliaklqana
Kikubaaqudgha
Makhleb
Nemelex Xobeh
Okawaru
Qazlal
Ru
Sif Muna
Trog
Uskayaw
Vehumet
Wu Jian
Xom
Yredelemnul
Zin
The Shining One
Beogh

Shops:
D:6 *?   D:7 =   Orc:2 :[[!(   Elf:2 !   Shoals:3 (((   Snake:1 [=   Snake:2 ?*
Snake:3 !   Snake:4 *   Vaults:1 [   Depths:3 *[   Depths:4 (

Portals:
Hell: Depths:1 Depths:2 Depths:3 Depths:4 Depths:5
Abyss: Depths:4
Pandemonium: Depths:3
Ziggurat: Depths:4

Annotations:
Snake:3 Roxanne
Vaults:3 Boris

.....####.......# ####.#
.....# ##....#####....#
.....# #...##≈≈≈##...#
.....# #..##≈≈.≈≈##..#
.....# #.##≈≈≈.≈≈≈##.#
.....# #.#≈≈P.8..≈≈#>#
.....# #.#≈≈.....≈≈#.#
.....# #.8≈.......≈8.#
#.####
#.†.P8.@.8P.'.##########
#.#
#.8≈.......≈8.).........
#.#
#.#≈≈.....≈≈#.##########
#.#
#.#≈≈..8.P≈≈#.#.....# #
#.#
#.##≈≈≈.≈≈≈##.#.###.# #
#.# #..##≈≈.≈≈##..#.#
#.#### #.#
#...##≈≈≈##...#.# #.....
#.#
#....#####....#.########
#.#
#.............#.........


There were no monsters in sight!


Message History

The infernal demonspawn moves out of view.
As you open the door, it creaks loudly!
There is an open door here.
There is a stone staircase leading up here.
You climb upwards.
There is a stone staircase leading down here.
There is a stone staircase leading up here.
You climb upwards.
There is a stone staircase leading down here.
You open the door.
There is an open door here.
There is an open door here.
The frilled lizard hisses angrily.
You open the door.
A jackal is nearby!
You hit the jackal.
You kill the jackal!
Makhleb accepts your kill.
No target in view!
There is an open door here.
You see here a jackal corpse.
You impale the frilled lizard!!
You kill the frilled lizard!
Makhleb accepts your kill.
No target in view!
There is a staircase leading out of the dungeon here.
Unknown command.
You can't go down here!
Unknown command.
You have escaped!

Skill      XL: |  1  2  3  4  5  6  7  8  9 10 11 12 13 14 15 16 17 18 19 20 21 22 23 24 25 26 27 |
---------------+----------------------------------------------------------------------------------+-----
Axes           | 3 |  3.6
Armour         | 1 2 3 4 5 7 8 9 10 11 12 13 14 15 | 15.4
Fighting       | 3 4 5 6 8 9 11 12 13 14 15 16 17 18 19 20 21 22 23 24 25 27 | 27.0
Long Blades    | 1 2 3 5 6 |  6.7
Invocations    | 2 3 5 7 9 10 11 12 13 14 15 16 17 18 19 20 21 | 21.0
Throwing       | 2 4 5 6 7 9 10 11 12 13 | 13.8
Maces & Flails | 4 6 8 10 11 13 14 15 16 17 | 17.8
Dodging        | 4 5 6 7 8 10 11 12 13 14 | 14.3
Shields        | 2 4 6 7 9 10 11 12 13 15 16 18 | 18.5
Evocations     | 4 6 7 9 10 11 12 | 12.0
Translocations | 4 6 |  6.2
Spellcasting   | 5 11 | 11.6
Conjurations   | 11 | 11.6
Transmutations | 9 |  9.9

Action                   |  1- 3 |  4- 6 |  7- 9 | 10-12 | 13-15 | 16-18 | 19-21 | 22-24 | 25-27 || total
-------------------------+-------+-------+-------+-------+-------+-------+-------+-------+-------++-------
Melee: War axe           |   104 |     1 |       |       |       |       |       |       |       ||   105
       Long sword        |       |   100 |   333 |       |       |       |       |       |       ||   433
       Kick              |       |       |    78 |   130 |   304 |   618 |   767 |   977 |  1330 ||  4204
       Dagger            |       |       |     5 |       |       |       |       |       |       ||     5
       Flail             |       |       |     3 |   535 |  1169 |       |       |       |       ||  1707
       Morningstar       |       |       |       |       |   126 |  1318 |    74 |       |       ||  1518
       Eveningstar       |       |       |       |       |       |       |  1223 |  1655 |  2285 ||  5163
Throw: Throwing net      |     4 |     2 |     1 |     2 |       |       |       |       |       ||     9
       Dart              |     4 |       |     5 |    27 |     6 |    15 |     2 |       |       ||    59
       Boomerang         |       |       |    32 |       |    15 |    32 |   157 |    87 |   274 ||   597
       Javelin           |       |       |       |       |     1 |       |     4 |       |    10 ||    15
 Cast: Apportation       |       |       |       |       |       |       |       |       |     9 ||     9
       Irradiate         |       |       |       |       |       |       |       |       |     8 ||     8
Invok: Minor Destruction |       |       |       |    15 |     4 |     5 |       |       |       ||    24
       Lesser Servant of |       |       |       |     9 |     5 |    12 |     2 |       |     2 ||    30
       Greater Servant o |       |       |       |       |       |     1 |     5 |     1 |     3 ||    10
Evoke: Wand              |       |     3 |       |     6 |    31 |     4 |     8 |     4 |     3 ||    59
       Tin of tremorston |       |       |       |       |     6 |     4 |     3 |     4 |     3 ||    20
       Condenser vane    |       |       |       |       |     4 |     4 |     6 |    10 |     6 ||    30
       Phial of floods   |       |       |       |       |     1 |       |     1 |       |     1 ||     3
       Lightning rod     |       |       |       |       |       |       |     7 |       |       ||     7
       Box of beasts     |       |       |       |       |       |       |     1 |       |     1 ||     2
       Phantom mirror    |       |       |       |       |       |       |     1 |       |     1 ||     2
       Horn of Geryon    |       |       |       |       |       |       |       |       |     1 ||     1
  Use: Scroll            |       |       |       |    14 |     7 |     4 |    10 |     8 |     9 ||    52
       Potion            |       |       |       |     5 |     2 |    14 |     2 |     1 |     8 ||    32
 Stab: Sleeping          |     1 |       |       |       |       |       |       |       |       ||     1
       Paralysed         |       |       |       |     8 |       |       |       |       |       ||     8
       Petrified         |       |       |       |       |     6 |     5 |       |       |       ||    11
       Petrifying        |       |       |       |       |     1 |       |       |       |       ||     1
       Distracted        |       |       |       |       |     1 |     5 |     4 |     1 |     1 ||    12
       Invisible         |       |       |       |       |       |     1 |       |       |     1 ||     2
       Confused          |       |       |       |       |       |       |       |     3 |       ||     3
Armor: Leather armour    |     2 |       |       |       |       |       |       |       |       ||     2
       Ring mail         |    39 |       |   109 |   257 |   569 |   385 |   300 |   430 |   662 ||  2751
       Scale mail        |     6 |    36 |    17 |       |       |       |       |       |       ||    59
Dodge: Dodged            |    68 |    47 |   135 |   311 |   529 |   539 |   545 |   717 |  1311 ||  4202
Block: Other             |    26 |    13 |   139 |       |       |       |       |       |       ||   178
       Reflection        |       |       |     2 |     3 |    55 |   215 |    73 |    29 |     1 ||   378
       Buckler           |       |       |     2 |   528 |   903 |   236 |       |       |       ||  1669
       Kite shield       |       |       |       |       |       |  1107 |   963 |  1178 |  2144 ||  5392
       Rpst.: Long sword |       |    16 |    35 |       |       |       |       |       |       ||    51

Levels and vault maps discovered:
D:1:      lightli_arrival_statuegarden, layout_basic
D:2:      layout_loops_ring, minitemple, minmay_tetromino_i4
D:3:      minmay_wonky_spiral, layout_loops_corners,
          nicolae_tso_swordbearing_angel
D:4:      cheibrodos_fertilizer, layout_gridville,
          nicolae_overflow_crystal_walls, portal_sewer_entry_f
D:5:      layout_layer_cave, nicolae_ossuary_entry_ruins,
          grunt_gozag_breadcrumbs
D:6:      layout_basic, temple_statues, serial_shops, shop, shop,
          corexii_corridor_pit
D:7:      layout_layer_cave, grunt_temple_overflow_open, serial_shops, shop,
          gammafunk_ghost_grave
D:8:      layout_loops_corners, xom_confusion_cloud
D:9:      layout_loops_ring
D:10:     wad_woods_minihive, layout_basic, lair_entry_dummy
D:11:     layout_rooms, minmay_orc_entry_temple_small, ebering_ghost_rock_garden
D:12:     layout_roguey, nrook_mini_backslash, centaur_isle
D:13:     layout_cave_pools, erik_vaults_1, special_room [special_room_orc]
D:14:     layout_basic, nrook_mini_vaults
D:15:     grunt_enter_depths_snipers, layout_cave_pools,
          nicolae_hepliaklqana_ecumenical_no_more, uniq_nessos, uniq_louise
Temple:   minmay_temple_bridge_abc
Lair:1:   layout_regular_city, grunt_megastairs_4
Lair:2:   layout_misc_corridors, serial_bayou_shore_a
Lair:3:   layout_regular_city, basic_altar, infiniplex_staircase_pool
Lair:4:   layout_hall_layers, shoals_dummy_entry,
          minmay_snake_entry_six_corridors, uniq_nergalle, uniq_sonja
Lair:5:   layout_roguey, slime_dummy, infiniplex_staircase_pool_2,
          lemuel_fruit_fields
Lair:6:   grunt_lair_end_beastmaster, layout_loops_ring, basic_altar, uniq_urug
Shoals:1: layout_shoals, nicolae_shoals_so_close, uniq_donald
Shoals:2: nzn_motion_control, layout_shoals, nicolae_shoals_drake_roost
Shoals:3: layout_shoals, serial_shops, shop, shop_coins, shop
Shoals:4: shoals_end_grunt_ice, layout_shoals, nicolae_shoals_square_sea_wall,
          nicolae_shoals_loop_pool
Snake:1:  layout_cave_shapes, serial_shops, shop, shop, grunt_ministairs_12
Snake:2:  layout_rooms, basic_altar, gammafunk_ghost_necromancy,
          grunt_megastairs_5, minmay_shop_star, uniq_aizul
Snake:3:  layout_onion, serial_shops, shop, gammafunk_ghost_cemetery,
          nicolae_snake_squiggles, uniq_roxanne, uniq_asterion
Snake:4:  grunt_snake_rune_spirals, layout_concentric_octagons, serial_shops,
          shop, portal_ice_cave_entry_pillars_four, serial_bayou_ford_a
Orc:1:    layout_caves
Orc:2:    st_orc_open, layout_diamond_mine, serial_shops, shop, basic_altar,
          uniq_azrael
Elf:1:    eino_elf_arrival_the_gate, layout_geoelf_octagon,
          minmay_elf_annihilation
Elf:2:    layout_geoelf_octagon, serial_shops, shop
Elf:3:    elf_hall_gauntlet_narrow, layout_gridlike, basic_altar
Vaults:1: nicolae_vaults_rhombus_6, vaults_room_mumra_shop_pool, v_rooms_2,
          vaults_mumra_chevron, nicolae_vaults_little_squares_1, v_misc_27,
          nicolae_vaults_circle_grid_b, v_misc_15, vaults_room_hallway,
          nicolae_vaults_rhombus_7, layout_vaults_big_room
Vaults:2: sword_in_stone, vaults_mumra_hex, vaults_room_fours,
          minmay_crypt_entry_simple_box, ontoclasm_vaults_eye,
          hangedman_vaults_trim, v_alt_pattern_5, ontoclasm_vaults_shuriken,
          nicolae_vaults_little_squares_4, hangedman_vaults_slice,
          nicolae_vaults_diagonal_hallway_9, layout_vaults_omnibox
Vaults:3: v_misc_9, v_alt_pattern_3, hangedman_vaults_pinch, v_misc_11,
          nicolae_vaults_little_squares_2, nicolae_vaults_three_branches,
          grunt_vaults_diagonal, vaults_room_hallway, layout_vaults_quadrants,
          nicolae_trove_entry_free_sample, uniq_boris
Vaults:4: st_hourglassy, hangedman_vaults_river_flow, hangedman_vaults_hat,
          vaults_mumra_minichess_inversion, nicolae_vaults_little_ls,
          nicolae_vaults_yaktaur_gun_rack, vaults_room_pool,
          vaults_room_stairs_pillars, v_rooms_5, vaults_room_door_hall,
          vaults_room_stairs_pillars, nicolae_vaults_little_squares_6,
          layout_vaults_maze_snakey, uniq_mennas, uniq_margery
Vaults:5: uniq_bai_suzhen
Crypt:1:  layout_gridlike, chequers_big_river
Crypt:2:  cheibrodos_crypt_down_in_the_bonehoard, layout_gridlike,
          infiniplex_enter_wizlab_spiral, uniq_sojobo
Crypt:3:  evilmike_haunted_forest
Depths:1: layout_roguey, hell_entry, grunt_decor_mini_mirrors, st_stairs_9,
          evilmike_spriggan_trog_shrine
Depths:2: minmay_expanding_squares, layout_cave_shapes,
          hangedman_abyss_or_decor_stagger, hell_entry
Depths:3: kennysheep_scales, layout_small_grid, grunt_hell_entry_demonic_statue,
          serial_shops, shop, rand_demon_pan_entry_8, ashenzari_altar_1,
          corexii_corridor_pit, nicolae_alphabet_shops,
          infiniplex_staircase_pillars_3b, uniq_saint_roka
Depths:4: lemuel_vampire_tower, layout_gridville, enter_ziggurat_d,
          serial_shops, shop, kennysheep_cross_room, pf_coc_iceberg,
          abyss_entry, roderic_lattice_a, minmay_misc_feat_five,
          nemelex_lonely_heart_becter, firewood_loft, uniq_mara
Depths:5: grunt_zot_entry_tricorne, layout_cave_shapes,
          serial_sigils_hangedman_quiver, hell_entry
Hell
Zot:1:    layout_misc_corridors
Zot:2:    layout_gridlike, grunt_megastairs_1
Zot:3:    layout_misc_corridors
Zot:4:    layout_cathedral_of_symmetry
Zot:5:    layout_concentric_octagons, st_stairs_5

Notes
Turn   | Place    | Note
-------+----------+-------------------------------------------
     0 | D:1      | agentchuck the Demonspawn Gladiator began the quest for the
                  | Orb.
     0 | D:1      | Reached XP level 1. HP: 16/16 MP: 1/1
   485 | D:1      | Reached skill level 3 in Axes
   485 | D:1      | Gained mutation: A meltable shield of frost defends you.
                  | (SH +4) [demonic ancestry]
   485 | D:1      | Reached XP level 2. HP: 23/23 MP: 2/2
  1483 | D:2      | Noticed a scorpion
  1625 | D:2      | Reached XP level 3. HP: 28/28 MP: 3/3
  1702 | D:2      | Reached skill level 1 in Armour
  1972 | D:2      | Killed a scorpion
  1973 | D:2      | Reached skill level 3 in Fighting
  1973 | D:2      | Gained mutation: You are partially covered in sharp spines.
                  | [demonic ancestry]
  1973 | D:2      | Reached XP level 4. HP: 35/35 MP: 4/4
  2341 | D:2      | Found a shadowy altar of Dithmenos.
  2343 | D:2      | Found a shimmering blue altar of Sif Muna.
  2347 | D:2      | Found a burning altar of Makhleb.
  2351 | D:2      | Became a worshipper of Makhleb the Destroyer
  2874 | D:3      | Reached skill level 2 in Armour
  3086 | D:3      | Gained mutation: When seriously injured, your bleeding
                  | wounds create armour. (AC +0) [demonic ancestry]
  3086 | D:3      | Reached XP level 5. HP: 41/41 MP: 5/5
  3555 | D:4      | Reached skill level 1 in Long Blades
  3625 | D:4      | Found a glowing drain.
  3637 | D:4      | Reached * piety under Makhleb
  3653 | Sewer    | Entered a sewer
  3957 | Sewer    | Reached skill level 4 in Fighting
  3957 | Sewer    | Reached XP level 6. HP: 32/48 MP: 6/6
  4320 | Sewer    | Reached skill level 2 in Long Blades
  4471 | Sewer    | Reached skill level 3 in Armour
  4640 | Sewer    | Noticed a sky beast
  4640 | Sewer    | a kobold brigand changed into a sky beast
  4661 | Sewer    | Killed a sky beast
  4668 | Sewer    | Gained mutation: You have large cloven feet. [demonic
                  | ancestry]
  4668 | Sewer    | Reached XP level 7. HP: 41/55 MP: 7/7
  4752 | Sewer    | Reached skill level 3 in Long Blades
  5015 | D:4      | Found a blossoming altar of Fedhas.
  5063 | D:4      | Reached skill level 5 in Fighting
  5180 | D:4      | Reached skill level 4 in Armour
  5180 | D:4      | Reached skill level 1 in Invocations
  5384 | D:4      | Reached ** piety under Makhleb
  5690 | D:4      | Identified the +2 ring mail "Rolian" {rN+ rCorr Dex-5 SInv}
  5791 | D:4      | Identified a +1 robe of resistance
  5921 | D:5      | Entered Level 5 of the Dungeon
  5991 | D:5      | Reached skill level 2 in Invocations
  5991 | D:5      | Gained mutation: When seriously injured, your bleeding
                  | wounds create thick armour. (AC +0) [demonic ancestry]
  5991 | D:5      | Reached XP level 8. HP: 64/64 MP: 9/9
  6059 | D:5      | Reached skill level 4 in Long Blades
  6202 | D:5      | Reached skill level 2 in Throwing
  6213 | D:5      | Reached skill level 6 in Fighting
  6309 | D:5      | Found a sand-covered staircase.
  6316 | Ossuary  | Entered an ossuary
  6334 | Ossuary  | Reached *** piety under Makhleb
  6393 | Ossuary  | Reached skill level 3 in Invocations
  6869 | D:5      | Reached skill level 5 in Long Blades
  6869 | D:5      | Reached skill level 5 in Armour
  7035 | D:5      | Found an opulent altar of Gozag.
  7567 | D:6      | Reached XP level 9. HP: 71/71 MP: 11/11
  7602 | D:6      | Reached skill level 7 in Fighting
  7602 | D:6      | Reached skill level 3 in Throwing
  7602 | D:6      | Reached skill level 4 in Invocations
  7740 | D:6      | Found a staircase to the Ecumenical Temple.
  7742 | D:6      | Found Ymiuh's General Store.
  7745 | D:6      | Bought a potion of degeneration for 11 gold pieces
  7745 | D:6      | Bought a scroll of teleportation for 33 gold pieces
  7745 | D:6      | Bought a wand of paralysis (9) for 121 gold pieces
  7749 | Temple   | Entered the Ecumenical Temple
  8149 | D:6      | Found Atotifyo's Magic Scroll Boutique.
  8298 | D:6      | Reached **** piety under Makhleb
  8364 | D:7      | Found Kunu's Jewellery Emporium.
  8376 | D:7      | Reached skill level 6 in Long Blades
  8500 | D:7      | Bought a ring of poison resistance for 220 gold pieces
  8533 | D:7      | Reached skill level 5 in Invocations
  8865 | D:7      | Found a runed translucent door.
  8867 | D:7      | Noticed Terrapin's ghost (novice SpEn)
  8868 | D:7      | Found a basalt altar of Yredelemnul.
  8870 | D:7      | Found a radiant altar of Vehumet.
  8870 | D:7      | Found an ancient bone altar of Kikubaaqudgha.
  8873 | D:7      | Found an iron altar of Okawaru.
  8944 | D:7      | Identified the +5 dagger of Discretion {protect, Str+4}
  9732 | D:8      | Reached skill level 8 in Fighting
  9733 | D:8      | Reached skill level 4 in Throwing
 10195 | D:8      | Identified the +6 flail of Risk Management {vorpal, rF++}
 10397 | D:8      | Reached XP level 10. HP: 69/80 MP: 14/14
 10431 | D:8      | Found a shimmering altar of Xom.
 10603 | D:9      | Reached skill level 1 in Maces & Flails
 10788 | D:9      | Noticed a two-headed ogre
 10799 | D:9      | Killed a two-headed ogre
 10800 | D:9      | Reached skill level 2 in Maces & Flails
 10800 | D:9      | Reached skill level 3 in Dodging
 10800 | D:9      | Reached skill level 1 in Shields
 10800 | D:9      | Reached skill level 6 in Invocations
 11361 | D:10     | Entered Level 10 of the Dungeon
 11369 | D:10     | Noticed a cyan ugly thing
 11381 | D:10     | Killed a cyan ugly thing
 11382 | D:10     | Reached skill level 2 in Shields
 11390 | D:10     | Reached skill level 9 in Fighting
 11390 | D:10     | Reached skill level 3 in Maces & Flails
 11444 | D:10     | Reached ***** piety under Makhleb
 11546 | D:10     | Reached skill level 7 in Invocations
 11565 | D:10     | Reached skill level 4 in Dodging
 11647 | D:10     | Reached skill level 4 in Maces & Flails
 11667 | D:10     | Gained mutation: A meltable icy envelope protects you from
                  | harm. (AC +8) [demonic ancestry]
 11667 | D:10     | Reached XP level 11. HP: 87/89 MP: 16/16
 11770 | D:10     | Reached skill level 3 in Shields
 12477 | D:10     | Found a staircase to the Lair.
 12508 | Lair:1   | Entered Level 1 of the Lair of Beasts
 12511 | Lair:1   | Noticed a six-headed hydra
 12524 | Lair:1   | Killed a six-headed hydra
 12554 | Lair:2   | You fall into a shaft and drop 1 floor!
 12688 | Lair:5   | Found a staircase to the Slime Pits.
 12716 | Lair:6   | Entered Level 6 of the Lair of Beasts
 12717 | Lair:6   | >>cosplay Lair:6!
 12791 | Lair:3   | Reached skill level 10 in Fighting
 12795 | Lair:3   | Reached skill level 5 in Maces & Flails
 12848 | Lair:3   | Found an ancient bone altar of Kikubaaqudgha.
 12965 | Lair:3   | Noticed a catoblepas
 12977 | Lair:3   | Killed a catoblepas
 12992 | Lair:3   | Reached skill level 8 in Invocations
 13141 | Lair:2   | Noticed a seven-headed hydra
 13152 | Lair:2   | Killed a seven-headed hydra
 13153 | Lair:2   | Reached skill level 5 in Dodging
 13367 | Lair:1   | Reached skill level 4 in Shields
 13444 | Lair:1   | Reached skill level 6 in Maces & Flails
 14512 | Lair:2   | Noticed a four-headed hydra
 14539 | Lair:2   | Killed a four-headed hydra
 14540 | Lair:2   | Reached skill level 11 in Fighting
 14540 | Lair:2   | Reached skill level 9 in Invocations
 14540 | Lair:2   | Gained mutation: When seriously injured, your bleeding
                  | wounds create very thick armour. (AC +0) [demonic ancestry]
 14540 | Lair:2   | Reached XP level 12. HP: 91/100 MP: 18/18
 15164 | Lair:3   | Noticed a catoblepas
 15181 | Lair:3   | Killed a catoblepas
 15182 | Lair:3   | Reached skill level 7 in Maces & Flails
 15269 | Lair:3   | Noticed a death yak
 15286 | Lair:3   | Killed a death yak
 15876 | Lair:4   | Reached skill level 6 in Dodging
 15953 | Lair:4   | Noticed a five-headed hydra
 15963 | Lair:4   | Killed a five-headed hydra
 16028 | Lair:4   | Noticed Nergalle
 16044 | Lair:4   | Killed Nergalle
 16261 | Lair:4   | Found a staircase to the Snake Pit.
 16324 | Lair:4   | Noticed Sonja
 16336 | Lair:4   | Noticed a five-headed hydra
 16344 | Lair:4   | Killed a five-headed hydra
 16348 | Lair:4   | Killed Sonja
 16578 | Lair:4   | Reached skill level 8 in Maces & Flails
 16617 | Lair:4   | Found a staircase to the Shoals.
 16659 | Lair:4   | Reached skill level 10 in Invocations
 16916 | Lair:5   | Identified the +6 trident of Ynkegeob {drain, Dex+2}
 16917 | Lair:5   | Noticed a seven-headed hydra
 16928 | Lair:5   | Killed a seven-headed hydra
 16935 | Lair:5   | Reached skill level 12 in Fighting
 17649 | Lair:6   | Noticed a seven-headed hydra
 17653 | Lair:6   | Noticed a four-headed hydra
 17912 | Lair:6   | Noticed a death yak
 17912 | Lair:6   | Noticed a death yak
 18181 | Lair:5   | Gained mutation: A meltable icy envelope protects you from
                  | harm. (AC +8) [demonic ancestry]
 18181 | Lair:5   | Reached XP level 13. HP: 105/109 MP: 20/20
 18333 | Lair:5   | Reached skill level 9 in Maces & Flails
 18347 | Lair:5   | Reached skill level 7 in Dodging
 18365 | Lair:6   | Reached skill level 6 in Armour
 18439 | Lair:6   | Found a blossoming altar of Fedhas.
 18462 | Lair:6   | Reached skill level 11 in Invocations
 18494 | Lair:6   | Reached skill level 13 in Fighting
 18892 | Lair:6   | Reached skill level 10 in Maces & Flails
 18960 | Lair:6   | Noticed Urug
 18982 | Lair:6   | Killed Urug
 19504 | Lair:5   | Reached skill level 7 in Armour
 19913 | Lair:6   | Gained mutation: You have hoof-like feet. [demonic
                  | ancestry]
 19913 | Lair:6   | Reached XP level 14. HP: 114/118 MP: 22/22
 20059 | Lair:6   | Found the +10 zealot's sword {holy, *Rage rN+ EV+3}
 20272 | D:11     | Found a staircase to the Orcish Mines.
 20272 | D:11     | Found a runed translucent gate.
 20272 | D:11     | Found a runed translucent gate.
 20272 | D:11     | Found a runed translucent gate.
 20272 | D:11     | Noticed robertstho's ghost (journeyman MiBe)
 20502 | D:11     | Reached skill level 12 in Invocations
 21129 | Orc:1    | Entered Level 1 of the Orcish Mines
 21144 | Orc:1    | Reached skill level 1 in Evocations
 21411 | Orc:2    | Entered Level 2 of the Orcish Mines
 21413 | Orc:2    | Found a bloodstained altar of Trog.
 21452 | Orc:2    | Found a staircase to the Elven Halls.
 21475 | Orc:2    | Noticed Azrael
 21477 | Orc:2    | Reached ****** piety under Makhleb
 21493 | Orc:2    | Killed Azrael
 21494 | Orc:2    | Reached skill level 14 in Fighting
 21522 | Orc:2    | Reached skill level 11 in Maces & Flails
 21632 | Orc:2    | Found Kekhluah's Book Boutique.
 22075 | Orc:2    | Reached skill level 2 in Evocations
 22088 | Orc:2    | Paralysed by an ogre mage for 6 turns
 22582 | Orc:2    | Reached skill level 3 in Evocations
 22599 | Orc:2    | Reached skill level 8 in Armour
 22639 | Orc:2    | Identified a +1 robe of the Archmagi
 22662 | Orc:2    | Found Aduim's Distillery.
 22715 | Orc:2    | Found Olewn's Weapon Shop.
 22721 | Orc:2    | Found Cugguniyrr's Antique Armour Shoppe.
 22729 | Orc:2    | Bought a potion of might for 60 gold pieces
 22729 | Orc:2    | Bought a potion of might for 60 gold pieces
 22729 | Orc:2    | Bought a potion of heal wounds for 75 gold pieces
 22729 | Orc:2    | Bought a potion of resistance for 150 gold pieces
 22729 | Orc:2    | Bought a potion of lignification for 45 gold pieces
 22729 | Orc:2    | Bought a potion of brilliance for 60 gold pieces
 22729 | Orc:2    | Bought a potion of berserk rage for 75 gold pieces
 22731 | Orc:2    | Found Roicotia's Antique Armour Boutique.
 22735 | Orc:2    | Bought a runed helmet for 247 gold pieces
 22882 | Orc:1    | Noticed an orc warlord
 22910 | Orc:1    | Killed an orc warlord
 23019 | D:11     | Upgraded the game from 0.27-a0-797-g27d10ad80f to
                  | 0.27-a0-808-g60bc5d92e6
 23145 | D:12     | Upgraded the game from 0.27-a0-808-g60bc5d92e6 to
                  | 0.27-a0-819-g058290f16d
 23150 | D:12     | Reached skill level 4 in Evocations
 23278 | D:12     | Gained mutation: You have hooves in place of feet. [demonic
                  | ancestry]
 23278 | D:12     | Reached XP level 15. HP: 127/127 MP: 24/24
 23409 | D:12     | Reached skill level 12 in Maces & Flails
 24595 | D:13     | Identified a scarf of resistance
 24655 | D:13     | Reached skill level 15 in Fighting
 24671 | D:13     | Found a gate to the Vaults.
 26167 | D:14     | Identified a scroll of acquirement
 26168 | D:14     | Acquired the +3 pair of gloves "Qiecvoychu" {rElec Int+5
                  | Dex+3 Stlth-}
 26800 | D:15     | Entered Level 15 of the Dungeon
 26836 | D:14     | Reached skill level 5 in Throwing
 26904 | D:15     | Noticed Louise
 26930 | D:14     | Killed Louise
 27027 | D:15     | Noticed Nessos
 27193 | D:15     | Upgraded the game from 0.27-a0-819-g058290f16d to
                  | 0.27-a0-828-g8289197e94
 27427 | D:15     | Reached skill level 9 in Armour
 27541 | D:15     | Found a staircase to the Depths.
 27756 | D:15     | Killed Nessos
 28114 | D:15     | Found a faded altar of an unknown god.
 28114 | D:15     | Found a faded altar of an unknown god.
 28114 | D:15     | Found a faded altar of an unknown god.
 28116 | D:15     | Found a hazy altar of Hepliaklqana.
 28116 | D:15     | Identified the ring of Fellento {rPois rF++ Str+6}
 28141 | D:15     | Upgraded the game from 0.27-a0-828-g8289197e94 to
                  | 0.27-a0-836-gfc908b8576
 28336 | Snake:1  | Entered Level 1 of the Snake Pit
 28414 | Snake:1  | Found Macziuwa's Antique Armour Shoppe.
 28448 | Snake:1  | Bought a jewelled hat for 252 gold pieces
 28448 | Snake:1  | Identified the +4 hat of the Serpent {rElec} (You bought it
                  | in a shop on level 1 of the Snake Pit)
 28448 | Snake:1  | Bought a glowing chain mail for 210 gold pieces
 28583 | Snake:1  | Reached skill level 13 in Maces & Flails
 28834 | Snake:1  | Found Ciurohon's Jewellery Boutique.
 28842 | Snake:1  | Bought the ring of Hucanoux {rElec rC+ Will+ MP+9} for 885
                  | gold pieces
 29552 | Snake:2  | Gained mutation: You are robust. (+10% HP) [demonic
                  | ancestry]
 29552 | Snake:2  | Reached XP level 16. HP: 121/151 MP: 25/25
 29610 | Snake:2  | Noticed Aizul
 29638 | Snake:2  | Killed Aizul
 29639 | Snake:2  | Reached skill level 6 in Throwing
 29810 | Snake:2  | Found Kag Zeumi's General Store.
 29819 | Snake:2  | Bought a scroll of identify for 34 gold pieces
 29819 | Snake:2  | Bought a scroll of identify for 34 gold pieces
 29821 | Snake:2  | Bought 5 curare-tipped darts for 51 gold pieces
 29821 | Snake:2  | Found Uboth's Magic Scroll Shoppe.
 29870 | Snake:2  | Reached skill level 16 in Fighting
 29934 | Snake:2  | Found an ornate altar of the Wu Jian Council.
 30158 | Snake:2  | Found a runed translucent gate.
 30158 | Snake:2  | Found a runed translucent gate.
 30158 | Snake:2  | Found a runed translucent gate.
 30159 | Snake:2  | Noticed Grognak's ghost (journeyman MiFi)
 30741 | Snake:3  | Found Joxam's Distillery.
 30978 | Snake:2  | Reached skill level 5 in Evocations
 31176 | Snake:3  | Noticed Asterion
 31198 | Snake:2  | Upgraded the game from 0.27-a0-836-gfc908b8576 to
                  | 0.27-a0-887-gcab673c142
 31485 | Snake:3  | Identified the +3 helmet of Xom's Indignation {Dex+4}
 31505 | Snake:3  | Bought a potion of heal wounds for 65 gold pieces
 31505 | Snake:3  | Bought a potion of might for 52 gold pieces
 31527 | Snake:3  | Identified a +2 robe of the Archmagi
 32555 | Snake:3  | Identified Roxanne's Reference Book on Transmutation
 32555 | Snake:3  | Noticed Roxanne
 32587 | Snake:3  | Found a runed translucent gate.
 32588 | Snake:3  | Found a runed translucent gate.
 32589 | Snake:3  | Found a runed translucent gate.
 32590 | Snake:3  | Noticed Itub's ghost (adept GrFi)
 32590 | Snake:3  | Noticed Engu's ghost (adept MiDe)
 32591 | Snake:3  | Noticed Vusiosyu's ghost (adept TeGl)
 32591 | Snake:3  | Noticed sleeves's ghost (journeyman MiFi)
 32591 | Snake:3  | Noticed Sokuv's ghost (adept DECj)
 32646 | Snake:3  | Killed Asterion
 32896 | Snake:4  | Entered Level 4 of the Snake Pit
 33188 | Snake:4  | Reached skill level 6 in Evocations
 33391 | Snake:4  | Reached skill level 14 in Maces & Flails
 33780 | Snake:3  | Gained mutation: You are mostly covered in sharp spines.
                  | [demonic ancestry]
 33780 | Snake:3  | Reached XP level 17. HP: 160/160 MP: 26/26
 34388 | Snake:4  | Reached skill level 5 in Shields
 34389 | Snake:4  | Reached skill level 17 in Fighting
 34435 | Snake:4  | Found Qituonk's Assorted Antiques.
 34474 | Snake:4  | Reached skill level 8 in Dodging
 35053 | Snake:4  | Reached skill level 7 in Evocations
 35861 | Snake:4  | Got a serpentine rune of Zot
 36060 | Snake:4  | Reached skill level 6 in Shields
 36351 | Snake:4  | Reached skill level 15 in Maces & Flails
 37077 | Shoals:1 | Entered Level 1 of the Shoals
 37262 | Shoals:1 | Reached XP level 18. HP: 171/171 MP: 27/27
 37372 | Shoals:1 | Reached skill level 8 in Evocations
 37401 | Shoals:1 | Reached skill level 10 in Armour
 37470 | Shoals:1 | Noticed Donald
 37480 | Shoals:1 | Killed Donald
 38744 | Shoals:2 | Reached skill level 18 in Fighting
 38919 | Shoals:2 | HP: 11/172 [merfolk javelineer/silver javelin (9)]
 39093 | Shoals:2 | HP: 13/172 [merfolk javelineer/silver javelin (10)]
 39942 | Shoals:3 | Found Gonifeel's Antique Weapon Shop.
 40129 | Shoals:3 | Found Routaduv's Antique Weapon Shoppe.
 40134 | Shoals:3 | Reached skill level 7 in Shields
 40332 | Shoals:3 | Found Pyblyup's Antique Weapon Emporium.
 40479 | Shoals:4 | Entered Level 4 of the Shoals
 41053 | Shoals:4 | Identified the amulet of Arrival {Acrobat rF+ Dex+4}
 41297 | Shoals:4 | Reached skill level 9 in Evocations
 41486 | Shoals:4 | Reached skill level 13 in Invocations
 41632 | Shoals:4 | Got a barnacled rune of Zot
 41911 | D:13     | Gained mutation: You are completely covered in sharp
                  | spines. [demonic ancestry]
 41911 | D:13     | Reached XP level 19. HP: 177/181 MP: 28/28
 41944 | Vaults:1 | Entered Level 1 of the Vaults
 42027 | Vaults:1 | Found Akhykher's Antique Armour Boutique.
 42067 | Vaults:1 | Bought a jacinth-encrusted scale mail for 252 gold pieces
 42067 | Vaults:1 | Identified the +6 scale mail "Oponuf" {+Inv rElec Str-4
                  | Dex+6 SInv} (You bought it in a shop on level 1 of the
                  | Vaults)
 42099 | Vaults:1 | Reached skill level 8 in Shields
 42135 | Vaults:1 | Reached skill level 11 in Armour
 42291 | Vaults:1 | Acquired a +0 eveningstar of protection
 42545 | Snake:2  | Bought a scroll of brand weapon for 340 gold pieces
 42545 | Snake:2  | Bought a scroll of enchant armour for 127 gold pieces
 42545 | Snake:2  | Bought a scroll of blinking for 127 gold pieces
 43126 | Vaults:1 | Reached skill level 19 in Fighting
 44183 | Vaults:2 | Found a staircase to the Crypt.
 44310 | Vaults:2 | Noticed Agnes
 44316 | Vaults:2 | Killed Agnes
 44317 | Vaults:2 | Reached skill level 14 in Invocations
 44939 | Vaults:2 | Reached skill level 9 in Shields
 45640 | Vaults:2 | Reached XP level 20. HP: 190/193 MP: 30/30
 45802 | Vaults:2 | Found the +27 Lear's hauberk
 45805 | Vaults:2 | Identified the +5 long sword "Ecluzix" {venom, *Noise Str+5
                  | Dex+3}
 46340 | Vaults:3 | Found a portal to a secret trove of treasure.
 46506 | Vaults:3 | Reached skill level 12 in Armour
 46677 | Vaults:3 | Reached skill level 20 in Fighting
 46915 | Vaults:3 | Reached skill level 15 in Invocations
 47003 | Vaults:3 | Noticed Boris
 48068 | Vaults:4 | Noticed Mennas
 48069 | Vaults:4 | Upgraded the game from 0.27-a0-887-gcab673c142 to
                  | 0.27-a0-906-g0a00ce863d
 48098 | Vaults:4 | Killed Mennas
 48099 | Vaults:4 | Reached skill level 10 in Shields
 48373 | Vaults:4 | Reached skill level 7 in Throwing
 48559 | Vaults:4 | Noticed Margery
 48566 | Vaults:4 | Killed Margery
 48909 | Vaults:4 | Reached skill level 16 in Maces & Flails
 49094 | Vaults:4 | Reached XP level 21. HP: 202/202 MP: 32/32
 49567 | Crypt:1  | Entered Level 1 of the Crypt
 49708 | Crypt:1  | Reached skill level 16 in Invocations
 50156 | Crypt:1  | Noticed a curse skull
 50205 | Crypt:1  | Killed a curse skull
 50241 | Crypt:1  | Learned a level 5 spell: Irradiate
 50271 | Crypt:1  | Reached skill level 8 in Throwing
 50405 | Crypt:1  | Reached skill level 21 in Fighting
 51344 | Crypt:2  | Reached skill level 13 in Armour
 51368 | Crypt:2  | Reached skill level 11 in Shields
 51556 | Crypt:2  | Found a magical portal.
 51571 | WizLab   | Entered Iskenderun's Mystic Tower
 52110 | WizLab   | Identified Iskenderun's Handbook of Blows and Bruises
 52110 | WizLab   | Identified Iskenderun's Compendium of Attacks
 52124 | WizLab   | Identified the Disquisition on the Venomous Frostbite
 52124 | WizLab   | Identified the Guide on Lightness
 52141 | WizLab   | Identified a +1 robe of the Archmagi
 52648 | Crypt:2  | Noticed Sojobo
 52695 | Crypt:2  | Killed Sojobo
 53177 | Crypt:2  | Noticed a curse skull
 53206 | Crypt:2  | Killed a curse skull
 53454 | Crypt:2  | Noticed a curse skull
 53820 | Crypt:1  | Killed a curse skull
 53821 | Crypt:1  | Reached skill level 9 in Throwing
 53821 | Crypt:1  | Gained mutation: You are very robust. (+20% HP) [demonic
                  | ancestry]
 53821 | Crypt:1  | Reached XP level 22. HP: 133/230 MP: 34/34
 54176 | Crypt:2  | Noticed a curse skull
 54191 | Crypt:2  | Noticed a curse skull
 54684 | Crypt:2  | Killed a curse skull
 55646 | Crypt:2  | Found an ancient bone altar of Kikubaaqudgha.
 55676 | Crypt:2  | Killed a curse skull
 56206 | Crypt:3  | Entered Level 3 of the Crypt
 56367 | Crypt:3  | Noticed a dread lich
 56367 | Crypt:3  | Noticed an ancient lich
 56394 | Crypt:3  | Killed a dread lich
 56395 | Crypt:3  | Reached skill level 17 in Invocations
 56397 | Crypt:3  | Killed an ancient lich
 56577 | Crypt:3  | Identified the +2 leather armour of the Locust {Dex+2
                  | Stlth+}
 56774 | Crypt:3  | Found an ancient bone altar of Kikubaaqudgha.
 57500 | Crypt:3  | Found a staircase to the Tomb.
 58085 | Crypt:3  | Acquired 663 gold pieces
 58558 | Depths:1 | Entered Level 1 of the Depths
 58610 | Depths:1 | Reached skill level 12 in Shields
 58612 | Depths:1 | Reached skill level 22 in Fighting
 59633 | Depths:1 | Reached skill level 10 in Throwing
 59801 | Depths:1 | Found a gateway to Hell.
 59970 | Depths:1 | Found a bloodstained altar of Trog.
 60351 | Depths:2 | Reached skill level 14 in Armour
 60369 | Depths:2 | Reached XP level 23. HP: 238/243 MP: 35/35
 60378 | Depths:2 | Reached skill level 9 in Dodging
 60676 | Depths:2 | Noticed a juggernaut
 60677 | Depths:2 | Identified a +2 robe of resistance
 60690 | Depths:2 | Killed a juggernaut
 60697 | Depths:2 | Paralysed by a floating eye for 3 turns
 60721 | Depths:2 | Reached skill level 18 in Invocations
 61748 | Vaults:3 | You paid a toll of +3 fire dragon scales to enter a
                  | treasure trove
 61749 | Trove    | Entered a treasure trove
 61766 | Trove    | Identified a potion of experience
 61780 | Trove    | Identified the amulet of Yendor {Acrobat rN++}
 61782 | Trove    | Identified the amulet "Naukaf" {Faith Int+2 Stlth+}
 61807 | Trove    | Identified the +1 cloak of Piqiul Ythri {Dex+3}
 62045 | Vaults:3 | Identified the +1 robe of the Jolly Beds {rElec rF++ Str-3
                  | Stlth+}
 62267 | Orc:2    | Bought a faintly humming chain mail for 313 gold pieces
 62267 | Orc:2    | Identified the +1 chain mail of Poor Excuses {Rampage Will+
                  | Str+4 Stlth+} (You bought it in a shop on level 2 of the
                  | Orcish Mines)
 62267 | Orc:2    | Bought a garnet-encrusted chain mail for 313 gold pieces
 62267 | Orc:2    | Identified the +0 chain mail of the Dice {rC- Will+++ Int-5
                  | Slay+6} (You bought it in a shop on level 2 of the Orcish
                  | Mines)
 62278 | Orc:2    | Bought a spiked leather armour for 231 gold pieces
 62278 | Orc:2    | Identified the +1 leather armour "Juir" {rPois rC+ Str+2
                  | Dex+7} (You bought it in a shop on level 2 of the Orcish
                  | Mines)
 62416 | Lair:4   | Identified the +2 scale mail "Futoifa" {Dex+7}
 62526 | Snake:2  | Killed Grognak's ghost
 62637 | Snake:3  | Killed Vusiosyu's ghost
 62658 | Snake:3  | Killed Itub's ghost
 62673 | Snake:3  | Killed Sokuv's ghost
 62684 | Snake:3  | Killed sleeves's ghost
 62788 | Snake:3  | Killed Engu's ghost
 62821 | Snake:3  | Identified the +2 ring mail of the Unseen Realm {rPois}
 63029 | Elf:1    | Entered Level 1 of the Elven Halls
 63285 | Elf:1    | Identified Jije Udi's Disquisition on Arcane Weapons
 63909 | Elf:2    | Found Agorgh's Distillery.
 64149 | Elf:2    | Reached skill level 10 in Dodging
 64179 | Elf:2    | Found a runed translucent gate.
 64179 | Elf:2    | Found a runed translucent gate.
 64179 | Elf:2    | Found a runed translucent gate.
 64525 | Elf:2    | Reached skill level 11 in Throwing
 65189 | Elf:3    | Entered Level 3 of the Elven Halls
 65249 | Elf:3    | Found a radiant altar of Vehumet.
 65420 | Elf:3    | Reached XP level 24. HP: 222/255 MP: 36/36
 65445 | Elf:3    | Reached skill level 13 in Shields
 65871 | Elf:3    | Reached skill level 23 in Fighting
 66960 | Elf:3    | Identified the +6 lajatang of Quantum Leap {vorpal, Str+3}
 67069 | Elf:3    | Identified the ring "Qiekhledu" {rF+ Dex+6}
 67070 | Elf:3    | Identified the +7 battleaxe "Penipusi" {drain, +Rage Str+4}
 67070 | Elf:3    | Identified the +4 scimitar of Trauma {vamp, Drain rPois
                  | Int+5}
 67099 | Elf:3    | Identified the +3 flail of Wyrd {holy, *Slow Fly rF++
                  | Int+3}
 67161 | Elf:3    | Identified the +5 arbalest "Grim Tooth" {freeze, rN+ Int+8
                  | Dex-4}
 67221 | Elf:3    | Identified Sif Muna's Almanac of the Enchanting Glacier
 67246 | Elf:3    | Identified the +1 spear "Riag" {flame, +Inv Int+5 Dex-4}
 67437 | D:11     | Killed robertstho's ghost
 67484 | D:7      | Killed Terrapin's ghost
 67830 | Depths:3 | Noticed Saint Roka
 68007 | Depths:3 | Gained mutation: You are dopey. (Int -2) [a cacodemon]
 68044 | Depths:3 | Killed Saint Roka
 68045 | Depths:3 | Reached skill level 19 in Invocations
 68070 | Depths:3 | Gained mutation: You are somewhat resistant to further
                  | mutation. [a cacodemon]
 68466 | Depths:3 | Reached skill level 15 in Armour
 68643 | Depths:3 | Identified the +10 quarterstaff of Zorof {holy, Stlth+}
 68651 | Depths:3 | Found a one-way gate leading to the halls of Pandemonium.
 68692 | Depths:3 | Found Txasoo's Tempting Trifles.
 68700 | Depths:3 | Bought a manual of Translocations for 1656 gold pieces
 68700 | Depths:3 | Bought a manual of Throwing for 1656 gold pieces
 68720 | Depths:3 | Found a broken altar of Ashenzari.
 69195 | Depths:4 | Found a one-way gate to the infinite horrors of the Abyss.
 69304 | Depths:4 | Reached skill level 1 in Translocations
 69365 | Depths:4 | Found Hukher's Antique Weapon Shoppe.
 69684 | Depths:4 | Reached skill level 12 in Throwing
 69703 | Depths:4 | Reached skill level 2 in Translocations
 69849 | Depths:4 | Reached skill level 11 in Dodging
 69924 | Depths:4 | You fall into a shaft and drop 1 floor!
 69924 | Depths:5 | Entered Level 5 of the Depths
 69960 | Depths:5 | Noticed a juggernaut
 69977 | Depths:5 | Killed a juggernaut
 69978 | Depths:5 | Reached skill level 3 in Translocations
 69983 | Depths:5 | Learned a level 1 spell: Apportation
 69986 | Depths:5 | Learned a level 2 spell: Blink
 70105 | Depths:4 | Found a sparkling altar of Nemelex Xobeh.
 70105 | Depths:4 | Identified a +2 robe of resistance
 70105 | Depths:4 | Noticed Jessica
 70110 | Depths:4 | Killed Jessica
 70173 | Depths:4 | Reached skill level 4 in Translocations
 70198 | Depths:4 | Found a gateway to a ziggurat.
 70292 | Depths:4 | Reached XP level 25. HP: 267/267 MP: 36/36
 70390 | Depths:4 | Noticed Mara
 70391 | Depths:4 | Noticed agentchuck's illusion
 70416 | Depths:4 | Killed Mara
 70436 | Depths:3 | Found Paot's Armour Shop.
 70661 | Depths:4 | Found a basalt altar of Yredelemnul.
 70676 | Depths:4 | Reached skill level 5 in Translocations
 70691 | Depths:4 | Noticed Jory
 70714 | Depths:4 | Killed Jory
 71142 | Depths:5 | Reached skill level 14 in Shields
 71501 | Depths:5 | Reached skill level 6 in Translocations
 71519 | Depths:5 | Found a gate to the Realm of Zot.
 71541 | Depths:5 | Reached skill level 24 in Fighting
 71908 | Vaults:5 | Entered Level 5 of the Vaults
 72192 | Vaults:4 | Reached skill level 20 in Invocations
 72632 | Vaults:5 | Reached skill level 12 in Dodging
 72754 | Vaults:5 | Noticed a dread lich
 72770 | Vaults:5 | Killed a dread lich
 72771 | Vaults:5 | Reached skill level 10 in Evocations
 72978 | Vaults:5 | Identified the Incunabulum of Morality
 73012 | Vaults:5 | Identified the Handbook of Poisoning and Air
 73088 | Vaults:5 | Reached skill level 15 in Shields
 73199 | Vaults:5 | Identified the +7 war axe of Impermanence {holy, rC- Str+4
                  | Int+4}
 73317 | Vaults:5 | Noticed Bai Suzhen
 73343 | Vaults:5 | Killed Bai Suzhen
 73344 | Vaults:5 | Gained mutation: You are extremely robust. (+30% HP)
                  | [demonic ancestry]
 73344 | Vaults:5 | Reached XP level 26. HP: 174/302 MP: 37/37
 73541 | Vaults:5 | Reached skill level 21 in Invocations
 73566 | Vaults:5 | Identified the ring "Ypseq" {rElec Will+ EV+4}
 73625 | Vaults:5 | Reached skill level 1 in Spellcasting
 73697 | Vaults:5 | Identified the Catalogue of Nocuous Enchantment
 73716 | Vaults:5 | Identified the Disquisition on Igneous Toxins
 73913 | Vaults:5 | Reached skill level 2 in Spellcasting
 74011 | Vaults:5 | Identified the +6 hand axe of Resourcefulness {vorpal, rC+
                  | Dex+4}
 74250 | Vaults:5 | Got a silver rune of Zot
 74258 | Vaults:5 | Identified a scarf of resistance
 74772 | Zot:1    | Entered Level 1 of the Realm of Zot
 74848 | Zot:1    | Identified the +7 ring mail of Tender Moments {rCorr}
 75036 | Zot:1    | Noticed an electric golem
 75044 | Zot:1    | Killed an electric golem
 75100 | Zot:1    | Reached skill level 3 in Spellcasting
 75108 | Zot:1    | Reached skill level 11 in Evocations
 75223 | Zot:2    | Noticed an electric golem
 75233 | Zot:2    | Killed an electric golem
 75797 | Zot:2    | Reached skill level 25 in Fighting
 75830 | Zot:2    | Reached skill level 16 in Shields
 75905 | Zot:2    | Reached skill level 4 in Spellcasting
 75951 | Zot:2    | Noticed a curse toe
 75971 | Zot:2    | Killed a curse toe
 76355 | Zot:2    | Reached skill level 13 in Dodging
 77140 | Zot:3    | Reached skill level 5 in Spellcasting
 77311 | Zot:3    | Identified the +3 plate armour "Oxzurghar" {Will++}
 77941 | Zot:4    | Reached XP level 27. HP: 303/314 MP: 37/37
 77952 | Zot:4    | Reached skill level 12 in Evocations
 78071 | Zot:4    | Reached skill level 1 in Conjurations
 78172 | Zot:4    | Reached skill level 6 in Spellcasting
 78258 | Zot:4    | Reached skill level 2 in Conjurations
 78418 | Zot:4    | Noticed an orb of fire
 78431 | Zot:4    | Gained mutation: Armour fits poorly on your strangely
                  | shaped body. [an orb of fire]
 78434 | Zot:4    | Killed an orb of fire
 78435 | Zot:4    | Reached skill level 17 in Shields
 78638 | Zot:5    | Entered Level 5 of the Realm of Zot
 78787 | Zot:5    | Reached skill level 3 in Conjurations
 79264 | Zot:5    | Reached skill level 4 in Conjurations
 79273 | Zot:5    | Reached skill level 7 in Spellcasting
 79832 | Zot:5    | Reached skill level 26 in Fighting
 79971 | Depths:4 | Bought a crude morningstar for 405 gold pieces
 79971 | Depths:4 | Identified the +4 morningstar of the Enemy {venom, rPois
                  | rN+ Str+4 Dex+3} (You bought it in a shop on level 4 of the
                  | Depths)
 80219 | D:6      | Bought a scroll of acquirement for 572 gold pieces
 80219 | D:6      | Acquired the +18 shield of the Gong {rElec rN+ Will+ EV-5}
 80220 | D:6      | Found the +18 shield of the Gong {rElec rN+ Will+ EV-5}
 80676 | Zot:5    | Noticed an orb of fire
 80686 | Zot:5    | Gained mutation: You are clumsy. (Dex -2) [an orb of fire]
 80692 | Zot:5    | Killed an orb of fire
 80693 | Zot:5    | Reached skill level 1 in Transmutations
 80715 | Zot:5    | Noticed an ancient lich
 80738 | Zot:5    | Killed an ancient lich
 80739 | Zot:5    | Reached skill level 5 in Conjurations
 80837 | Zot:5    | Reached skill level 2 in Transmutations
 80857 | Zot:5    | Noticed an ancient lich
 80872 | Zot:5    | Killed an ancient lich
 81013 | Zot:5    | Noticed an electric golem
 81031 | Zot:5    | Killed an electric golem
 81032 | Zot:5    | Reached skill level 8 in Spellcasting
 81058 | Zot:5    | Reached skill level 3 in Transmutations
 81076 | Zot:5    | Reached skill level 6 in Conjurations
 81112 | Zot:5    | Reached skill level 18 in Shields
 81134 | Zot:5    | Noticed a dread lich
 81142 | Zot:5    | Killed a dread lich
 81174 | Zot:5    | Reached skill level 4 in Transmutations
 81204 | Zot:5    | Noticed an orb of fire
 81206 | Zot:5    | Noticed a dread lich
 81213 | Zot:5    | Gained mutation: You have sharp fingernails. [an orb of
                  | fire]
 81217 | Zot:5    | Killed an orb of fire
 81225 | Zot:5    | Killed a dread lich
 81231 | Zot:5    | Reached skill level 7 in Conjurations
 81297 | Zot:5    | Noticed an electric golem
 81305 | Zot:5    | Noticed an orb of fire
 81310 | Zot:5    | Killed an electric golem
 81314 | Zot:5    | Noticed an ancient lich
 81321 | Zot:5    | Killed an orb of fire
 81322 | Zot:5    | Reached skill level 9 in Spellcasting
 81325 | Zot:5    | Killed an ancient lich
 81326 | Zot:5    | Reached skill level 5 in Transmutations
 81549 | Zot:5    | Noticed an ancient lich
 81568 | Zot:5    | Killed an ancient lich
 82035 | Depths:4 | Voluntarily entered the Abyss.
 82035 | Abyss:1  | Found a corrupted altar of Lugonu.
 82043 | Abyss:1  | Found a corrupted altar of Lugonu.
 82250 | Abyss:1  | Identified the +4 scimitar "Xifyipn" {vorpal, rC+}
 82374 | Abyss:3  | Found a transporter.
 82375 | Abyss:3  | Found a corrupted altar of Lugonu.
 82377 | Abyss:3  | Found a transporter.
 82387 | Abyss:3  | Paralysed by you for 7 turns
 82399 | Abyss:3  | Paralysed by accursed screaming for 2 turns
 82408 | Abyss:3  | Reached skill level 8 in Conjurations
 82459 | Abyss:3  | Identified the ring "Kaul" {Fly rElec rPois rC- Will+}
 82480 | Abyss:3  | >>huh?
 82537 | Abyss:3  | Reached skill level 6 in Transmutations
 82568 | Abyss:3  | Found a transporter.
 82570 | Abyss:3  | >>Weird abyss vault, no rune
 82690 | Abyss:4  | Found a runed translucent door.
 82690 | Abyss:4  | Found a runed translucent door.
 82690 | Abyss:4  | Found a runed translucent door.
 82690 | Abyss:4  | Found a runed translucent door.
 82690 | Abyss:4  | Found a runed translucent door.
 82690 | Abyss:4  | Found a runed translucent door.
 82690 | Abyss:4  | Found a runed translucent door.
 82690 | Abyss:4  | Found a runed translucent door.
 82718 | Abyss:4  | Reached skill level 9 in Conjurations
 82770 | Abyss:4  | Reached skill level 7 in Transmutations
 82795 | Abyss:4  | Found a runed translucent door.
 82797 | Abyss:4  | Found a runed translucent door.
 82797 | Abyss:4  | Found a runed translucent door.
 82798 | Abyss:4  | Found a runed translucent door.
 82801 | Abyss:4  | Found a runed translucent door.
 82816 | Abyss:4  | Found a runed translucent door.
 82817 | Abyss:4  | Found a runed translucent door.
 82840 | Abyss:4  | Reached skill level 27 in Fighting
 82852 | Abyss:4  | Found a runed translucent door.
 82860 | Abyss:4  | Found a runed translucent door.
 82860 | Abyss:4  | Found a runed translucent door.
 82862 | Abyss:4  | Found a runed translucent door.
 82863 | Abyss:4  | Found a runed translucent door.
 82863 | Abyss:4  | Found a runed translucent door.
 82864 | Abyss:4  | Found a corrupted altar of Lugonu.
 82866 | Abyss:4  | Got an abyssal rune of Zot
 82876 | Abyss:4  | Found a runed translucent door.
 82891 | Abyss:4  | Found a runed translucent door.
 82892 | Abyss:4  | Found a runed translucent door.
 82901 | Abyss:4  | Found a runed translucent door.
 82902 | Abyss:4  | Found a runed translucent door.
 82903 | Abyss:4  | Found a runed translucent door.
 82907 | Depths:4 | You pass through the gate.
 82907 | Depths:4 | Escaped the Abyss
 82947 | Hell     | Entered the Vestibule of Hell
 83111 | Hell     | Noticed Geryon
 83134 | Depths:4 | Reached skill level 14 in Dodging
 83253 | Hell     | Killed Geryon
 83254 | Hell     | Reached skill level 17 in Maces & Flails
 83254 | Hell     | Reached skill level 10 in Spellcasting
 83740 | Hell     | Reached skill level 8 in Transmutations
 83747 | Hell     | Reached skill level 10 in Conjurations
 83797 | Hell     | Found a gateway to the ashen valley of Gehenna.
 83918 | Hell     | Found a gateway to the decaying netherworld of Tartarus.
 83994 | Hell     | Found a gateway to the freezing wastes of Cocytus.
 84062 | Hell     | Found a gateway to the Iron City of Dis.
 84362 | Zot:5    | Got the Orb of Zot
 84394 | Zot:3    | Noticed Kaefusye the pandemonium lord
 84407 | Zot:3    | Killed Kaefusye the pandemonium lord
 84655 | Pan      | Entered Pandemonium
 84799 | Pan      | Noticed Rosoguoxt the pandemonium lord
 84817 | Pan      | Killed Rosoguoxt the pandemonium lord
 84830 | Pan      | Reached skill level 11 in Spellcasting
 84830 | Pan      | Reached skill level 9 in Transmutations
 84882 | Pan      | Noticed Vuv Zoes the pandemonium lord
 84891 | Pan      | Killed Vuv Zoes the pandemonium lord
 84927 | Pan      | Reached skill level 13 in Throwing
 84969 | Pan      | Reached skill level 11 in Conjurations
 85000 | Pan      | Noticed Mapit the pandemonium lord
 85016 | Pan      | Killed Mapit the pandemonium lord
 85117 | Pan      | Noticed Jolenosu the pandemonium lord
 85126 | Pan      | Killed Jolenosu the pandemonium lord
 85135 | Pan      | Got a demonic rune of Zot
 85136 | Pan      | >>cosplay
 85173 | Pan      | Found an exit through the horrors of the Abyss.
 85178 | Pan      | Took an exit into the Abyss.
 85178 | Abyss:1  | You pass through the gate.
 85178 | Abyss:1  | Escaped into the Abyss
 85494 | Depths:3 | You pass through the gate.
 85494 | Depths:3 | Escaped the Abyss
 85758 | D:7      | Noticed Vieb Fuwu the pandemonium lord
 85912 | D:$      | Escaped with the Orb!

Vanquished Creatures
  4 dread liches
  4 pandemonium lords
  4 orbs of fire
  Mennas (Vaults:4)
  Mara (Depths:4)
  4 ancient liches (Zot:5)
  2 juggernauts
  Sojobo (Crypt:2)
  4 Killer Klowns
  Bai Suzhen (Vaults:5)
  Geryon (Hell)
  A curse toe (Zot:2)
  Saint Roka (Depths:3)
  Jory (Depths:4)
  6 golden dragons
  4 bone dragons
  3 Tzitzimimeh (Pan)
  3 hellephants (Abyss:4)
  4 electric golems
  18 tentacled monstrosities
  29 Orb Guardians
  An Ice Fiend (Depths:1)
  2 deep elf blademasters (Elf:3)
  4 liches
  Asterion (Snake:3)
  9 quicksilver dragons
  2 titans (Vaults:5)
  6 death cobs
  2 tentacled starspawn
  2 deep elf master archers (Elf:3)
  2 Executioners
  5 sphinxes
  The ghost of Vusiosyu the Warrior, an adept TeGl of Gozag (Snake:3)
  5 ancient champions
  10 storm dragons
  3 tengu reavers
  The ghost of Engu the Impaler, an adept MiDe of Wu Jian (Snake:3)
  Agnes (Vaults:2)
  The ghost of Sokuv the Ruinous, an adept DECj of Sif Muna (Snake:3)
  A storm dragon (shapeshifter) (Vaults:5)
  5 draconian monks
  9 shadow dragons
  2 revenants (Crypt:2)
  The ghost of Itub the Severer, an adept GrFi of the Shining One (Snake:3)
  Donald (Shoals:1)
  19 nagarajas
  3 iron dragons
  14 fire giants
  2 daevas (Depths:3)
  The ghost of sleeves the Severer, a journeyman MiFi of Qazlal (Snake:3)
  6 draconian scorchers
  2 orc warlords
  Aizul (Snake:2)
  3 ghost moths
  5 draconian knights
  7 frost giants
  Louise (D:14)
  6 balrugs
  2 deep elf elementalists (Elf:3)
  25 vault wardens
  4 cacodemons (Depths:3)
  8 deep elf sorcerers
  3 spriggan defenders
  5 curse skulls
  The ghost of Grognak the Peltast, a journeyman MiFi of Okawaru (Snake:2)
  7 ghouls
  10 ironbound preservers
  4 draconian stormcallers
  7 draconian shifters
  3 war gargoyles
  16 very ugly things
  A blood saint (Pan)
  8 reapers
  10 vampire knights
  7 draconian annihilators
  16 stone giants
  11 black draconians
  5 deep elf demonologists
  Nessos (D:15)
  A black sun (Pan)
  7 green draconians
  10 dire elephants
  22 purple draconians
  12 red draconians
  10 deep elf annihilators
  7 spark wasps
  8 yellow draconians
  6 white draconians
  8 statues (WizLab)
  11 eidola
  5 blizzard demons
  12 deep elf death magi
  A salamander tyrant (Snake:3)
  A crystal guardian (Vaults:3)
  A kraken zombie (Hell)
  6 merfolk javelineers
  11 ettins
  19 jiangshi
  2 quicksilver dragon zombies (Crypt:3)
  3 mummy priests
  3 green deaths
  The ghost of robertstho the Protected, a journeyman MiBe of Trog (D:11)
  3 hell beasts
  9 great orbs of eyes
  8 merfolk impalers
  6 deep elf high priests
  17 yaktaur captains
  6 fire dragons
  A peacekeeper (Vaults:3)
  A quicksilver dragon skeleton (Crypt:3)
  A hydra (shapeshifter) (Vaults:5)
  6 ice dragons
  3 boulder beetles
  6 ironbound thunderhulks (Vaults:4)
  12 hydras
  6 rakshasas
  5 anacondas
  2 merfolk avatars
  8 spriggan air magi
  4 catoblepae
  3 ogre magi
  22 naga warriors
  2 death knights
  17 centaur warriors
  32 vault guards
  4 alligator snapping turtles
  2 satyrs (Shoals:4)
  31 dancing weapons
  13 ironbound frosthearts
  4 merfolk aquamancers
  12 deep troll shamans
  6 tengu warriors
  12 death yaks
  A titan zombie (Hell)
  8 deep troll earth magi
  Urug (Lair:6)
  4 ironbound beastmasters
  11 spriggan berserkers
  17 naga sharpshooters
  14 vampire magi
  13 two-headed ogres
  2 hell hogs (Hell)
  6 shock serpents
  Sonja (Lair:4)
  14 deep elf knights
  15 hell knights
  2 storm dragon zombies
  4 thrashing horrors
  15 soul eaters
  11 sun demons
  9 iron trolls
  A titan skeleton (Depths:1)
  3 iron golems (Hell)
  A storm dragon skeleton (Crypt:3)
  Nergalle (Lair:4)
  A wretched star (Abyss:1)
  2 golden dragon zombies
  2 spatial maelstroms (Abyss:4)
  5 sixfirhies
  9 shadow demons
  5 shadow wraiths (Crypt:2)
  26 skeletal warriors
  A ghost moth zombie (Crypt:3)
  6 salamander mystics
  A glowing orange brain (Pan)
  6 deep elf archers
  An infernal demonspawn (Pan)
  7 wizards
  10 naga ritualists
  2 anaconda zombies
  A death drake (Abyss:4)
  3 tengu zombies (Hell)
  8 flayed ghosts
  2 gelid demonspawn
  A golden dragon skeleton (Abyss:1)
  A lindwurm (Vaults:3)
  43 deep trolls
  19 sea snakes
  23 phantasmal warriors
  A bog body (Crypt:1)
  A wolf spider zombie (Crypt:3)
  17 harpies
  An obsidian statue (Depths:3)
  16 ironbound convokers
  A lindwurm (shapeshifter) (Depths:2)
  16 deep elf pyromancers
  9 mana vipers
  4 orc knights
  An orc sorcerer (Orc:1)
  6 fauns
  25 deep elf zephyrmancers
  20 necromancers
  3 fire giant zombies (Depths:4)
  10 manticores
  5 frost giant zombies
  The ghost of Terrapin the Covert, a novice SpEn of Uskayaw (D:7)
  34 ugly things
  A shadow dragon skeleton (Crypt:1)
  9 merfolk sirens
  19 salamanders
  A will-o-the-wisp (Abyss:4)
  2 worldbinders
  8 large abominations
  3 human zombies
  A spectral shock serpent (Snake:2)
  10 cyclopes
  A stone giant skeleton (Crypt:3)
  7 rust devils
  4 water nymphs
  9 smoke demons
  19 moths of wrath
  2 apocalypse crabs
  2 ice statues (Hell)
  8 elephants
  12 naga magi
  2 fire giant skeletons (Crypt:3)
  A moth of wrath (shapeshifter) (Abyss:3)
  5 guardian serpents
  A dire elephant zombie (Crypt:1)
  5 molten gargoyles (Hell)
  7 orange demons
  14 vault sentinels
  40 black mambas
  A minotaur zombie (Crypt:3)
  An alligator snapping turtle zombie (Crypt:2)
  12 cane toads
  A kobold demonologist (D:14)
  An unseen horror (D:11)
  A dire elephant skeleton (Crypt:1)
  A yaktaur (shapeshifter) (Vaults:4)
  An ice devil (Pan)
  An emperor scorpion zombie (Crypt:3)
  4 rime drakes (Shoals:2)
  8 komodo dragons
  14 freezing wraiths
  A purple draconian skeleton (Crypt:1)
  62 yaktaurs
  A catoblepas zombie (Crypt:3)
  15 hellwings
  2 tormentors
  A guardian mummy (Crypt:3)
  23 tengu conjurers
  14 trolls
  2 ancient zymes
  5 hydra zombies
  5 red devils
  A golden dragon simulacrum (Vaults:5)
  A troll (shapeshifter) (Abyss:1)
  3 polar bears (Lair:6)
  A meliai (shapeshifter) (D:11)
  3 meliai (D:14)
  35 merfolk
  5 hornets
  2 hydra skeletons
  A jumping spider zombie (Crypt:2)
  7 snapping turtles
  5 wind drakes
  An iron troll skeleton (Crypt:1)
  An alligator zombie (Hell)
  A spriggan zombie (Hell)
  A spectral naga (Snake:2)
  3 dream sheep (Shoals:1)
  A human simulacrum (Vaults:5)
  16 slime creatures
  13 raiju
  2 ice dragon zombies
  3 ettin zombies
  2 fire dragon zombies (Hell)
  A harpy skeleton (Crypt:3)
  23 blink frogs
  A spectral black mamba (Snake:2)
  14 flying skulls
  2 ice dragon skeletons
  A fire dragon skeleton (Crypt:3)
  5 spriggans
  A shadow (D:12)
  8 wyverns
  An alligator skeleton (Hell)
  2 ettin skeletons (Crypt:3)
  A tarantella (shapeshifter) (Vaults:5)
  2 spectral salamanders (Snake:2)
  16 wraiths
  12 ynoxinuls
  22 starcursed masses (Abyss:3)
  An ushabti (Crypt:3)
  18 water elementals
  A black mamba skeleton (Crypt:3)
  A fire bat (Abyss:1)
  3 basilisks
  5 golden eyes
  8 yaks
  4 fire elementals
  3 steam dragons
  A spatial vortex (Abyss:4)
  3 neqoxecs
  A deep troll zombie (Crypt:1)
  78 nagas
  3 wargs
  2 chaos spawn
  An acid dragon (D:13)
  21 water moccasins
  12 hell hounds
  2 floating eyes
  35 orc warriors
  2 black bears
  2 hornet zombies
  2 cane toad skeletons
  An ice beast (D:6)
  2 sky beasts
  3 black mamba simulacra (Snake:2)
  33 ogres
  A spriggan simulacrum (Depths:1)
  15 centaurs
  A swamp dragon zombie (Crypt:3)
  5 necrophages
  A hog zombie (Crypt:2)
  18 wolves
  2 phantoms (D:5)
  6 small abominations
  6 kobold brigands
  A draconian zombie (Crypt:1)
  2 rime drake skeletons (Crypt:1)
  10 bullfrogs
  A human skeleton (Vaults:5)
  A yaktaur skeleton (Crypt:2)
  An earth elemental (Elf:1)
  2 water moccasin zombies
  7 wyvern skeletons
  A troll zombie (Crypt:3)
  3 scorpions
  54 killer bees
  A water moccasin skeleton (D:5)
  A spectral wolf (Depths:4)
  A raiju skeleton (Crypt:2)
  A troll skeleton (Crypt:1)
  5 wights (D:8)
  An electric eel (Lair:2)
  7 howler monkeys
  4 hounds
  3 jellies
  A quasit (Abyss:1)
  7 centaur zombies
  A bullfrog zombie (D:5)
  3 gnoll shamans
  A centaur skeleton (D:6)
  An iron imp (Abyss:3)
  16 orc priests
  3 bullfrog skeletons
  Jessica (Depths:4)
  A scorpion zombie (Crypt:2)
  2 iguanas (D:4)
  8 orc wizards
  A killer bee zombie (D:6)
  2 tengu skeletons
  A hound zombie (Crypt:1)
  An ogre skeleton (Crypt:3)
  9 mummies
  16 gnolls
  16 adders
  4 river rats (Sewer)
  2 shadow imps
  3 white imps
  An adder skeleton (D:4)
  3 worms
  2 dart slugs
  90 orcs
  7 ball pythons
  5 bats
  18 endoplasms
  3 giant cockroaches
  2 gnoll zombies (Ossuary)
  6 goblins
  5 hobgoblins
  5 jackals
  9 quokkas
  5 frilled lizards
  A giant cockroach zombie (Crypt:1)
  2 hobgoblin zombies (Ossuary)
  17 kobolds
  A kobold zombie (Ossuary)
  3 orc zombies (Ossuary)
  12 rats
  4 ball lightnings (Pan)
  A lurking horror (Abyss:4)
  2 starspawn tentacles (Abyss:3)
  3 tentacles (Hell)
2646 creatures vanquished.

Vanquished Creatures (collateral kills)
  An ancient lich (Crypt:3)
  Margery (Vaults:4)
  A tengu reaver (Crypt:2)
  A vault warden (Vaults:4)
  Azrael (Orc:2)
  A hydra (Lair:4)
  A catoblepas (Lair:3)
  A death yak (Lair:3)
  A soul eater (Crypt:3)
  A necromancer (Crypt:3)
  An ugly thing (Vaults:2)
  A faun (Shoals:2)
  2 merfolk sirens
  4 elephants (Lair:1)
  A black mamba (Lair:1)
  A smoke demon (Hell)
  A naga mage (Snake:1)
  A water nymph (Shoals:2)
  A torpor snail (Lair:3)
  2 merfolk (Shoals:2)
  A water elemental (Shoals:4)
  4 yaks (Lair:1)
  A fire elemental (Orc:2)
  A naga (Snake:4)
  A hell hound (Orc:2)
  3 water moccasins
  An orc warrior (Orc:2)
  A black bear (Lair:3)
  3 orcs (Orc:2)
41 creatures vanquished.

Vanquished Creatures (others)
  A pandemonium lord (Pan)
  A lich (Pan)
  A monstrous demonspawn (Pan)
  A merfolk aquamancer (Shoals:4)
  A wizard (Vaults:4)
  A rust devil (Hell)
  A rime drake (Shoals:2)
  A neqoxec (Pan)
  A naga (Snake:3)
  A floating eye (shapeshifter) (Vaults:5)
  2 gnolls
  An orc (D:15)
  19 ball lightnings (Pan)
  2 bushes (Lair:6)
  49 fungi
  143 plants
  4 starspawn tentacles
  6 tentacles (Hell)
  8 toadstools (D:4)
  7 withered plants (Crypt:3)
251 creatures vanquished.

Grand Total: 2938 creatures vanquished

Table legend: (Time is in decaauts)
 A = Elapsed time spent in this place.
 B = Non-inter-level travel time spent in this place.
 C = Inter-level travel time spent in this place.
 D = Time resting spent in this place.
 E = Time spent auto-exploring this place.
 F = Levels seen in this place.
 G = Mean time per level.
                   A        B        C        D        E       F      G
               +--------+--------+--------+--------+--------+-----+--------+
         Total |  85083 |  77399 |   7684 |  23506 |  27163 |  65 | 1309.0 |
       Dungeon |  19299 |  17078 |   2221 |   3654 |   9322 |  15 | 1286.6 |
        Temple |    202 |    180 |     22 |      0 |    179 |   1 |  202.0 |
          Lair |   7913 |   7071 |    842 |   1810 |   2966 |   6 | 1318.8 |
        Shoals |   5035 |   4813 |    222 |   1495 |    494 |   4 | 1258.8 |
     Snake Pit |   9233 |   8583 |    650 |   3563 |   1923 |   4 | 2308.2 |
  Orcish Mines |   2011 |   1773 |    238 |    491 |    605 |   2 | 1005.5 |
   Elven Halls |   4282 |   3973 |    309 |   1422 |   1566 |   3 | 1427.3 |
        Vaults |  10067 |   8995 |   1072 |   2322 |   3044 |   5 | 2013.4 |
         Crypt |   8081 |   7736 |    345 |   3794 |   2064 |   3 | 2693.7 |
        Depths |   7600 |   6509 |   1091 |   1817 |   2376 |   5 | 1520.0 |
          Hell |    686 |    658 |     28 |     11 |    192 |   1 |  686.0 |
           Zot |   6597 |   5958 |    639 |   2170 |   1828 |   5 | 1319.4 |
         Abyss |   1064 |   1064 |      0 |     68 |      0 |   5 |  212.8 |
   Pandemonium |    466 |    466 |      0 |     72 |      0 |   2 |  233.0 |
         Trove |    205 |    205 |      0 |    100 |     16 |   1 |  205.0 |
         Sewer |   1497 |   1497 |      0 |    559 |    567 |   1 | 1497.0 |
       Ossuary |    237 |    237 |      0 |      0 |     19 |   1 |  237.0 |
        Wizlab |    600 |    600 |      0 |    154 |      0 |   1 |  600.0 |
               +--------+--------+--------+--------+--------+-----+--------+

Top non-repeatable levels by time:
 Crypt:2: 3695 daAuts
 Snake:3: 3021 daAuts
 Snake:4: 2781 daAuts
   Zot:5: 2344 daAuts
 Crypt:1: 2306 daAuts
Vaults:2: 2243 daAuts
   Elf:3: 2108 daAuts
 Snake:2: 2097 daAuts
Vaults:4: 2080 daAuts
 Crypt:3: 2079 daAuts
Depths:4: 2038 daAuts
Vaults:5: 1999 daAuts
Vaults:3: 1947 daAuts
    D:12: 1855 daAuts
Vaults:1: 1797 daAuts

Table legend:
 A = Non-vault XP
 B = Vault XP
 C = Vault XP percentage of total XP
 D = Non-vault monster count
 E = Vault monster count
 F = Vault count percentage of total count
                 A         B        C        D         E       F
            +---------+---------+-------+---------+---------+-------
      Total |  956039 |  982538 |  50.7 |    1511 |    1112 |  42.4
            +---------+---------+-------+---------+---------+-------
        D:1 |      36 |       0 |   0.0 |      22 |       0 |   0.0
        D:2 |     112 |       3 |   2.6 |      13 |       2 |  13.3
        D:3 |      57 |       9 |  13.6 |      17 |       4 |  19.0
        D:4 |     260 |     124 |  32.3 |      18 |      23 |  56.1
        D:5 |    1130 |       0 |   0.0 |      21 |       0 |   0.0
        D:6 |    1297 |       0 |   0.0 |      22 |       0 |   0.0
        D:7 |     920 |     552 |  37.5 |      18 |       1 |   5.3
        D:8 |     788 |     298 |  27.4 |      13 |       4 |  23.5
        D:9 |    1785 |       0 |   0.0 |      17 |       0 |   0.0
       D:10 |    1978 |    3450 |  63.6 |       9 |      49 |  84.5
       D:11 |    4272 |    1426 |  25.0 |      13 |      10 |  43.5
       D:12 |    7511 |    1499 |  16.6 |      27 |       6 |  18.2
       D:13 |   10959 |    2910 |  21.0 |      17 |      29 |  63.0
       D:14 |    9778 |    1686 |  14.7 |      20 |       1 |   4.8
       D:15 |   12771 |    4413 |  25.7 |      19 |       4 |  17.4
     Lair:1 |    2136 |    1945 |  47.7 |      11 |       6 |  35.3
     Lair:2 |    4270 |       0 |   0.0 |      13 |       0 |   0.0
     Lair:3 |    4673 |       0 |   0.0 |      18 |       0 |   0.0
     Lair:4 |    4530 |    2469 |  35.3 |      13 |      11 |  45.8
     Lair:5 |    7992 |     888 |  10.0 |      27 |       1 |   3.6
     Lair:6 |   16449 |    9792 |  37.3 |      41 |      18 |  30.5
   Shoals:1 |   10601 |    2050 |  16.2 |      23 |       2 |   8.0
   Shoals:2 |   16239 |    6333 |  28.1 |      32 |      14 |  30.4
   Shoals:3 |    7985 |       0 |   0.0 |      19 |       0 |   0.0
   Shoals:4 |   25266 |   19357 |  43.4 |      51 |      29 |  36.2
    Snake:1 |   12221 |    1106 |   8.3 |      27 |       2 |   6.9
    Snake:2 |   15428 |    6207 |  28.7 |      35 |      12 |  25.5
    Snake:3 |   22159 |   19879 |  47.3 |      39 |      14 |  26.4
    Snake:4 |   26317 |   58709 |  69.0 |      49 |      84 |  63.2
      Orc:1 |    4849 |       0 |   0.0 |      35 |       0 |   0.0
      Orc:2 |    2743 |   17038 |  86.1 |      49 |      42 |  46.2
      Elf:1 |   11811 |    8307 |  41.3 |      16 |      13 |  44.8
      Elf:2 |   16567 |   22398 |  57.5 |      25 |      28 |  52.8
      Elf:3 |    8887 |   40590 |  82.0 |      13 |      26 |  66.7
   Vaults:1 |   25581 |   18051 |  41.4 |      32 |      21 |  39.6
   Vaults:2 |   14042 |   39010 |  73.5 |      21 |      36 |  63.2
   Vaults:3 |   19052 |   15519 |  44.9 |      28 |      21 |  42.9
   Vaults:4 |   33733 |   80755 |  70.5 |      45 |      73 |  61.9
   Vaults:5 |   29781 |   94265 |  76.0 |      42 |      55 |  56.7
    Crypt:1 |   42499 |    1871 |   4.2 |      68 |       2 |   2.9
    Crypt:2 |   25267 |   37875 |  60.0 |      36 |      31 |  46.3
    Crypt:3 |       0 |   64387 | 100.0 |       0 |      99 | 100.0
   Depths:1 |   35295 |    6014 |  14.6 |      41 |       7 |  14.6
   Depths:2 |   33472 |   31382 |  48.4 |      37 |      24 |  39.3
   Depths:3 |   28702 |   25511 |  47.1 |      39 |      30 |  43.5
   Depths:4 |   51954 |   41118 |  44.2 |      45 |      55 |  55.0
   Depths:5 |   22023 |   20820 |  48.6 |      17 |      15 |  46.9
       Hell |   14500 |   36136 |  71.4 |      18 |      53 |  74.6
      Zot:1 |   25145 |       0 |   0.0 |      12 |       0 |   0.0
      Zot:2 |   56132 |    8284 |  12.9 |      33 |       4 |  10.8
      Zot:3 |   21390 |       0 |   0.0 |      14 |       0 |   0.0
      Zot:4 |   71412 |       0 |   0.0 |      32 |       0 |   0.0
      Zot:5 |   74217 |  161870 |  68.6 |      49 |      40 |  44.9
    Abyss:1 |   25842 |    1516 |   5.5 |      39 |       1 |   2.5
    Abyss:3 |    5662 |    9647 |  63.0 |      28 |      10 |  26.3
    Abyss:4 |   13661 |   16682 |  55.0 |      20 |      13 |  39.4
        Pan |   11900 |    8602 |  42.0 |      13 |       7 |  35.0
      Sewer |       0 |     639 | 100.0 |       0 |      28 | 100.0
    Ossuary |       0 |     153 | 100.0 |       0 |      16 | 100.0
     WizLab |       0 |   28993 | 100.0 |       0 |      36 | 100.0
            +---------+---------+-------+---------+---------+-------
